 Dungeon Crawl Stone Soup version 0.22.2-1-ge965b3aba3 (webtiles) character file.

7 theanonym the Vexing (level 1, -6/14 HPs)
             Began as a Mummy Enchanter on Sept 1, 2021.
             Mangled by a gnoll
             ... wielding a +0 flail
              (10 damage)
             ... on level 1 of the Dungeon.
             The game lasted 00:00:51 (663 turns).

theanonym the Vexing (Mummy Enchanter)               Turns: 663, Time: 00:00:52

Health: -6/14      AC: 10    Str: 11    XL:     1   Next: 91%
Magic:  4/4        EV:  2    Int: 14    God:
Gold:   39         SH:  0    Dex: 12    Spells: 4/5 levels left

rFire    x . .     SeeInvis .   a - +1 dagger
rCold    + . .     Gourm    .   (no shield)
rNeg     + + +     Faith    .   h - +0 plate armour
rPois    ∞         Spirit   .   (no helmet)
rElec    .         Reflect  .   (no cloak)
rCorr    .         Harm     .   (no gloves)
MR       .....                  (no boots)
Stlth    ..........             (no amulet)
HPRegen  0.04/turn              b - ring of wizardry
MPRegen  0.09/turn              (no ring)

@: no status effects
A: no food or potions, fire vulnerability, cold resistance 1, negative energy
resistance 3, torment resistance, unbreathing
a: no special abilities


Innate Abilities, Weirdness & Mutations

You do not eat or drink.
Your flesh is vulnerable to fire.
You are immune to poison.
Your flesh is cold resistant. (rC+)
You are immune to negative energy. (rN+++)
You are immune to unholy pain and torment.
You can survive without breathing.


   Skills:
 + Level 0.6 Fighting
 * Level 1.4 Short Blades
 - Level 1.5 Dodging
 - Level 2.4 Stealth
 - Level 2.6 Spellcasting
 - Level 2.6 Hexes


You had 4 spell levels left.
You knew the following spells:

 Your Spells              Type           Power        Failure   Level  Hunger
a - Corona                Hex            #......      100%        1    N/A

Your spell library contained the following spells:

 Spells                   Type           Power        Failure   Level  Hunger
 Ensorcelled Hibernation  Hex/Ice        #.....       100%        2    N/A
 Confuse                  Hex            #.......     100%        3    N/A
 Dazzling Spray           Conj/Hex       #.....       100%        3    N/A
 Tukima's Dance           Hex            #.......     100%        3    N/A

Skill      XL: |  1 |
---------------+----+-----
Short Blades   | 1 |  1.4
Fighting       | |  0.6
Dodging        | |  1.5
Stealth        | |  2.4
Spellcasting   | |  2.6
Hexes          | |  2.6

Action                   || total
-------------------------++-------
Melee: Dagger            ||    37
  Use: Scroll            ||     1
Armor: Plate armour      ||    28
Dodge: Dodged            ||     2

Inventory:

Hand Weapons
 a - a +1 dagger (weapon)
Armour
 h - a +0 plate armour (worn)
   (You found it on level 1 of the Dungeon)
Jewellery
 b - a ring of wizardry (left hand)
   (You found it on level 1 of the Dungeon)
Scrolls
 c - a scroll of amnesia
 e - a scroll of enchant armour {unknown}
 f - 2 scrolls of remove curse {unknown}
 r - a scroll of identify


You were on level 1 of the Dungeon.
You were not hungry.

You visited 1 branch of the dungeon, and saw 2 of its levels.

You collected 39 gold pieces.

Dungeon Overview and Level Annotations

Branches:
Dungeon (2/15)

Altars:

Annotations:
D:2 Robin

#.# #.# #.# ####### #.#
......# #.# #.....# #.#
#.....# #.#
#.....#############.#
....†..........g@..>#
#####.#####.#########
#.#####.# #....##.#
#....##.# #....##.#
#.#####.#
#....##.#################
#....+.......†..........#


You could see a gnoll.

Notes
Turn   | Place    | Note
-------+----------+-------------------------------------------
     0 | D:1      | theanonym the Mummy Enchanter began the quest for the Orb.
     0 | D:1      | Reached XP level 1. HP: 13/13 MP: 4/4
   378 | D:1      | Reached skill level 1 in Short Blades
   464 | D:2      | Noticed Robin
   644 | D:1      | HP: 3/14 [gnoll/flail (11)]
   663 | D:1      | Mangled by a gnoll

Vanquished Creatures
  A giant cockroach (D:1)
  A goblin (D:1)
  A hobgoblin (D:1)
  2 kobolds (D:1)
  A ball python (D:1)
  A frilled lizard (D:1)
7 creatures vanquished.

Table legend:
 A = Turns spent in this place as a percentage of turns spent in the entire game.
 B = Non-inter-level travel turns spent in this place as a percentage of non-inter-level travel turns spent in the entire game.
 C = Inter-level travel turns spent in this place as a percentage of turns spent in this place.
 D = Turns resting spent in this place as a percentage of non-inter-level travel turns spent in this place.
 E = Turns spent auto-exploring this place as a percentage of non-inter-level travel turns spent in this place.
 F = Non-inter-level travel turns spent in this place divided by the number of levels of this place that you've seen.
                   A       B       C       D       E      F
               +-------+-------+-------+-------+-------+----------------------
         Total | 100.0 | 100.0 |   4.5 |  16.9 |  62.4 | 316.5
       Dungeon | 100.0 | 100.0 |   4.5 |  16.9 |  62.4 | 316.5
               +-------+-------+-------+-------+-------+----------------------
